Map: Dusk Towers

Players

Miszu

  • Race: Terran Terran
  • League: Master

A.I. 1 (Very Easy)

  • Race: Protoss Protoss

VOD

Have the link to the VOD?

Description

Time

  • Played on: Feb. 4, 2016, 5:31 p.m.
  • Length: 7:01
Show
View Real Time Build Order
Export as new Build Order

Miszu Terran 

Build Orders:  

Get SALT Encoding   

  12  0:07  Orbital Command  
    0:20  SCV x12  
    0:32  SCV  
  13  0:45  SCV  
  13  0:49  Supply Depot  
  15  0:57  SCV  
  15  1:11  SCV  
  16  1:12  Barracks  
  16  1:15  Refinery  
  16  1:23  SCV  
  17  1:35  SCV  
  18  1:47  SCV  
  20  2:02  Orbital Command  
  20  2:03  Reaper  
  20  2:12  Command Center  
  20  2:24  Supply Depot  
  20  2:27  SCV  
  21  2:35  Barracks Reactor  
  21  2:40  SCV  
  22  2:49  Barracks  
  22  2:50  Refinery  
  22  2:52  Factory  
  22  2:54  SCV  
  23  3:11  SCV  
  24  3:23  SCV  
  24  3:25  Marine x2  
  28  3:29  Orbital Command  
  27  3:35  SCV  
  27  3:36  Factory Tech Lab  
  27  3:37  Starport  
  27  3:38  Barracks Tech Lab  
  28  3:41  Barracks  
  28  3:47  Marine x2, SCV  
  31  3:54  SCV  
  32  3:59  SCV  
  32  4:01  Stimpack  
  33  4:07  Refinery, SCV  
  33  4:09  Marine x2  
  36  4:10  Marine  
  36  4:11  SCV  
  38  4:18  Siege Tank  
  38  4:20  SCV  
  42  4:27  Supply Depot  
  42  4:29  SCV  
  42  4:30  Marine  
  42  4:31  Marine x2  
  46  4:44  Engineering Bay  
  46  4:48  Medivac, SCV  
  46  4:49  Supply Depot, Marauder  
  51  4:53  Supply Depot, SCV  
  51  4:57  Marine  
  53  5:00  SCV  
  54  5:10  Siege Tank  
  54  5:13  SCV x2  
  54  5:14  Marine  
  60  5:15  Marine  
  60  5:16  Marine  
  60  5:20  Supply Depot  
  62  5:25  Medivac  
  62  5:27  Marine  
  65  5:28  SCV  
  65  5:30  SCV  
  65  5:31  Marine  
  65  5:35  Supply Depot  
  68  5:36  Marine  
  68  5:37  Marine  
  68  5:42  SCV  
  71  5:44  Siege Tank  
  71  5:45  Marine  
  71  5:49  Marine  
  76  5:54  Supply Depot, Marine  
  76  5:56  Marine, SCV x2  
  80  6:02  Marine  
  81  6:05  Medivac  
  81  6:07  Marine  
  81  6:08  Supply Depot  
  81  6:09  SCV  
  85  6:12  Marine, Refinery  
  85  6:14  Barracks Reactor  
  86  6:19  Siege Tank  
  86  6:20  Marine  
  86  6:25  Marine  
  90  6:30  Marine  
  92  6:38  Barracks  
  92  6:39  Marine  
  93  6:41  Barracks  
Show
View Real Time Build Order
Export as new Build Order

A.I. 1 (Very Easy) Protoss 

Build Orders:  

Get SALT Encoding   

    0:21  Probe x12 (Chrono Boost)  
    0:32  Unknown, Probe (Chrono Boost)  
  13  0:43  Probe (Chrono Boost)  
  14  0:53  Probe (Chrono Boost)  
  15  1:03  Pylon  
  15  1:22  Probe (Chrono Boost)  
  16  1:32  Probe (Chrono Boost)  
  17  1:33  Nexus  
  17  1:43  Gateway  
  17  1:48  Assimilator  
  17  1:57  Pylon  
  17  2:21  Assimilator  
  17  2:31  Zealot  
  17  2:33  Cybernetics Core  
  17  2:35  Probe (Chrono Boost)  
  20  2:47  Probe (Chrono Boost)  
  20  2:48  Probe (Chrono Boost)  
  22  2:54  Warp Gate  
  20  3:40  Zealot  
  22  4:55  Stalker  
  24  6:37  Probe (Chrono Boost)  
  24  6:50  Zealot  
Tags
 
Add a new tag
Caveats
  • Supply blocks, unpowered buildings, or Contaminate may cause inaccurate times.
  • Supply counts are checked every 10 seconds.